Match 38848867
Unlisted

Match 38848867
End
Kettenkrad Recon Vehicle
Construct Infanterie Kompanie
Selects Mechanized Battlegroup
Grenadier Squad
Grenadier Squad
MG 42 Machine Gun Team
Construct Panzergrenadier Kompanie
251 Medium Carrier
Pak 40 Anti-tank Gun Team
Panzergrenadier Squad
Selects Mobile Repair Stations
Pak 40 Anti-tank Gun Team
Pioneer Squad
Selects Raid Package
Selects Wespe Self-propelled Artillery
Selects Raid Package
Selects StuG Assault Group
[PD]Folscher
Apache
Admiral SUNA
con_007
A Sassy Badger
My body my choice
0
0

Comments sign in to comment!

No comments posted yet!